[Event "Early-Titled-Tuesday-Blitz-May-07-2024"]
[Site "Chess.com"]
[Date "2024.05.07"]
[Round "6"]
[White "ChessBliss09"]
[Black "Dubs123"]
[Result "1-0"]
[WhiteElo "2218"]
[BlackElo "2390"]
[TimeControl "180+1"]
[EndTime "9:12:28 PDT"]
[Termination "ChessBliss09 won by resignation"]

1. c4 e5 2. Nc3 Bb4 3. Nf3 Bxc3 4. bxc3 d6 5. d3 Ne7 6. g3 O-O 7. Bg2 c6 8. O-O Be6 9. Rb1 Qc8 10. e4 b6 11. a4 Nd7 12. Ng5 Nc5 13. Qh5 h6 14.
Nxe6 Qxe6 15. f4 exf4 16. gxf4 Nxd3 17. f5 Qf6 18. Bd2 Ne5 19. Kh1 Nxc4 20. Bf4 Rad8 21. Rg1 g5 22. fxg6 fxg6 23. Bf1 Qxf4 24. Bxc4+ Kh7 25.
Qh3 Qxe4+ 26. Qg2 Qxg2+ 27. Rxg2 Nf5 28. Bd3 d5 29. Rbg1 Rd6 30. Re2 Rf7 31. Re8 Nh4 32. Rg4 Nf3 33. Kg2 Rdf6 34. Be2 h5 35. Rg3 Nh4+ 36.
Kh3 Nf5 37. Rge3 Nd6 38. R8e7 Rxe7 39. Rxe7+ Rf7 40. Re6 Ne4 41. Rxc6 Rf2 42. Bd3 Ng5+ 43. Kg3 Rf3+ 44. Kh4 Rxd3 45. Kxg5 d4 46. cxd4 Rxd4 47.
Rc7+ Kg8 48. Kxg6 Kf8 49. Rxa7 Rh4 50. Ra6 Rxh2 51. Rxb6 h4 52. a5 h3 53. Kf6 Ke8 54. Rb8+ Kd7 55. Rh8 Kc6 56. Kg5 Kb5 57. Kg4 Rh1 58.
Rh5+ Ka6 59. Rxh3 Rg1+ 60. Rg3 Kxa5 61. Rxg1 1-0

[Event "Early-Titled-Tuesday-Blitz-May-07-2024"]
[Site "Chess.com"]
[Date "2024.05.07"]
[Round "6"]
[White "jinbojinbo"]
[Black "Witik"]
[Result "1-0"]
[WhiteElo "2650"]
[BlackElo "2854"]
[TimeControl "180+1"]
[EndTime "9:12:29 PDT"]
[Termination "jinbojinbo won on time"]

1. e4 e5 2. Nf3 Nc6 3. Bc4 Nf6 4. d3 Bc5 5. c3 d6 6. Nbd2 a6 7. Bb3 O-O 8. O-O Ba7 9. Re1 Ne7 10. Nf1 Ng6 11.
Ng3 h6 12. h3 c5 13. Be3 d5 14. Qc1 Kh7 15. Bc2 d4 16. Bd2 Be6 17. c4 Qd7 18. b4 b5 19. cxb5 axb5 20. bxc5 Bxc5 21. Bb3 Rfc8 22. Bxe6 Qxe6 23. Qb2 b4 24. Rec1 Bf8 25. Rxc8 Rxc8 26. Rc1 Rc3 27. Bxc3 dxc3 28. Qc2 Qa6 29. d4 exd4 30. Nxd4 Qc4 31. Rd1 Kg8 32. Nf3 Nf4 33. Rd8 Ne6 34. Rd1 Bc5 35. e5 Nd5 36. Ne4 Ndf4 37. Kh2 Bf8 38. Nd6 Qa6 39. Qb3 Ng6 40.
Nd4 Nxd4 41. Qxf7+ Kh7 42. Rxd4 c2 43. Rg4 Qd3 44. Nf5 Qxf5 45. Qxf5 c1=Q 46. Qxg6+ Kh8 47. Qf7 Bc5 48. Rc4 Qg5 49. Qe8+ Kh7 50. Rxc5 Qf4+ 51. Kg1 Qc1+ 52. Rxc1 1-0

[Event "Early-Titled-Tuesday-Blitz-May-07-2024"]
[Site "Chess.com"]
[Date "2024.05.07"]
[Round "6"]
[White "Yaacovn"]
[Black "Evan_Attaker"]
[Result "1-0"]
[WhiteElo "2855"]
[BlackElo "2632"]
[TimeControl "180+1"]
[EndTime "9:12:29 PDT"]
[Termination "Yaacovn won by checkmate"]

1. d4 c5 2. c3 Nf6 3. Nf3 d5 4.
Bf4 Nc6 5. e3 Qb6 6. Qc2 g6 7.
Nbd2 Bf5 8. dxc5 Qxc5 9. Qb3 Bg7 10. Qxb7 O-O 11. Nb3 Qb6 12. Ba6 Na5 13. Nxa5 Qxa5 14. O-O Bc8 15. Qxa8 Qxa6 16. Qb8 Bb7 17. Qc7 Rc8 18.
Qxe7 Bf8 19. Qe5 Rc4 20. Nd4 Nd7 21. Qg5 h6 22. Qg3 g5 23. h4 f6 24. Qg4 Nc5 25. Bg3 Bc8 26. Qh5 Ne4 27. Qg6+ Bg7 28. Nf5 Bxf5 29. Qxf5 Qb7 30. Rfd1 Rc5 31. b4 Rxc3 32. Qxd5+ Qxd5 33. Rxd5 Nxg3 34. fxg3 Rxe3 35. Kf2 Rc3 36. Rad1 Kh7 37. h5 f5 38. Rd7 Kg8 39. Rxa7 Rc2+ 40. Kf1 Rc4 41. Rd8+ Bf8 42. Raa8 Kf7 43. Rxf8+ Ke6 44.
Rae8+ Kd7 45. Rd8+ Ke6 46. Rfe8+ Kf7 47. Re5 f4 48. g4 Rxb4 49. Rd6 Ra4 50. Rxh6 Rxa2 51.
Rxg5 Ra1+ 52. Kf2 Ra2+ 53. Kf3 Ra3+ 54. Kxf4 Ra4+ 55. Kg3 Ra3+ 56. Kh4 Ra4 57. Rgg6 Ra1 58. Rh7+ Kf8 59. Rgg7 Re1 60. Ra7 Kg8 61. h6 Rh1+ 62. Kg5 Rb1 63. Rag7+ Kf8 64. Rh8# 1-0

[Event "Early-Titled-Tuesday-Blitz-May-07-2024"]
[Site "Chess.com"]
[Date "2024.05.07"]
[Round "6"]
[White "ScofieldMichael01"]
[Black "InitiatingASC"]
[Result "0-1"]
[WhiteElo "2547"]
[BlackElo "2408"]
[TimeControl "180+1"]
[EndTime "9:12:29 PDT"]
[Termination "InitiatingASC won by resignation"]

1. d4 d5 2. Nf3 e6 3. Bf4 c5 4. e3 Nc6 5. c3 Nf6 6. Nbd2 cxd4 7. exd4 Bd6 8. Bg3 O-O 9. Bd3 Ne7 10. Be5 Ng6 11.
g3 Be7 12. h4 Nd7 13. h5 Ngxe5 14. dxe5 f5 15. exf6 Bxf6 16. Qc2 h6 17. O-O-O e5 18. Bh7+ Kh8 19. Bg6 e4 20. Nxe4 dxe4 21. Qxe4 Qe7 22.
Qc2 Bg5+ 23. Nxg5 Qxg5+ 24. Kb1 Nb6 25. f4 Qf6 26. Rhe1 Bf5 27. Bxf5 Qxf5 28. Re7 Qxh5 29.
Rxb7 Qf5 30. Qxf5 Rxf5 31. Re1 Rf6 32. Ree7 Rg6 33. Rxa7 Rxa7 34. Rxa7 Rxg3 35. Rb7 Nd5 36. a4 h5 37. a5 Rg6 38. Rb5 Nxf4 39. Rf5 Rg4 40. a6 Ne6 41. Rxh5+ Kg8 42. Ra5 Nc7 43. a7 Na8 44. Rb5 Rf4 45. Rb8+ Rf8 46. b4 g5 47. Rb5 g4 48. Rg5+ Kf7 49. Rxg4 Ke7 50. Rg6 Kd7 51. Kb2 Kc7 52. Kb3 Kb7 53.
Rg7+ Kb6 54. c4 Nc7 55. Ka4 Rc8 56. b5 Kxa7 57. c5 Kb7 58. b6 Kc6 59. bxc7 Kxc5 60. Rg8 Rxg8 61. Kb3 Rc8 62. Kc3 Rxc7 63. Kd3 Kd5 64. Ke3 Rc3+ 65. Kf4 Rd3 66. Kg4 Ke5 67. Kh4 Kf5 0-1

[Event "Early-Titled-Tuesday-Blitz-May-07-2024"]
[Site "Chess.com"]
[Date "2024.05.07"]
[Round "6"]
[White "Journey_to_GrandMaster_YT"]
[Black "CarlosjPineror"]
[Result "1/2-1/2"]
[WhiteElo "2546"]
[BlackElo "2713"]
[TimeControl "180+1"]
[EndTime "9:12:30 PDT"]
[Termination "Game drawn by repetition"]

1. d4 Nf6 2. Nf3 g6 3. g3 d6 4. Bg2 Bg7 5. O-O O-O 6. b3 c6 7.
Bb2 Qa5 8. Nbd2 Qh5 9. h4 h6 10. Re1 g5 11. e4 Bg4 12. e5 Nd5 13. c4 Nb4 14. Qb1 Nd7 15. a3 Na6 16. hxg5 hxg5 17.
b4 dxe5 18. dxe5 e6 19. Qe4 Bf5 20. Qe3 Bh6 21. Nd4 Bh3 22. Bh1 Qg6 23. f3 Bf5 24. g4 Bd3 25. c5 Rad8 26. Rac1 Bg7 27. N4b3 b5 28. Rc3 Bc4 29. Nxc4 bxc4 30. Rxc4 Nc7 31. f4 gxf4 32. Qxf4 Nd5 33. Bxd5 cxd5 34. Rcc1 Rc8 35. Nd4 Qd3 36. Qe3 Qg6 37. Qf4 Qd3 38. Re3 Qg6 39.
Nb5 f6 40. exf6 Bxf6 41. Bxf6 Rxf6 42. Qg3 Rcf8 43. Nd6 d4 44. Rd3 e5 45. c6 e4 46.
cxd7 exd3 47. Ne8 Rxe8 48. dxe8=Q+ Qxe8 49. Qxd3 Qe5 50. Rf1 Rf4 51. Rxf4 Qxf4 52. Qg6+ Kh8 53.
Qh5+ Kg8 54. Qg6+ Kh8 55. Qf5 Qe3+ 56. Kg2 d3 57. Qh5+ Kg8 58. Qg6+ Kh8 59. Qh5+ Kg8 60.
Qg6+ Kf8 61. Qf5+ Kg8 62. Qg6+ 1/2-1/2

[Event "Early-Titled-Tuesday-Blitz-May-07-2024"]
[Site "Chess.com"]
[Date "2024.05.07"]
[Round "6"]
[White "stollenmonster"]
[Black "juancruzarias"]
[Result "1-0"]
[WhiteElo "2926"]
[BlackElo "2731"]
[TimeControl "180+1"]
[EndTime "9:12:32 PDT"]
[Termination "stollenmonster won by resignation"]

1. e4 c6 2. d4 d5 3. e5 c5 4. c4 cxd4 5. Nf3 e6 6. Nxd4 Nc6 7. Nc3 Bb4 8. Nxc6 bxc6 9. Qa4 a5 10. a3 Bxc3+ 11. bxc3 Ne7 12. Be3 O-O 13. Bc5 Ba6 14.
Rd1 Re8 15. Bd3 Ng6 16. Bd6 Qh4 17. O-O Bxc4 18. Bxc4 dxc4 19. Rd4 Qg5 20. f4 Qf5 21. Qxc4 Rec8 22. h3 h5 23. Rd2 Nh4 24. g3 Qg6 25. Kh2 Nf5 26. Qd3 Ra7 27. Rg1 Rb7 28. g4 hxg4 29. hxg4 Nh4 30. Qxg6 Nxg6 31. f5 Ne7 32. f6 Ng6 33. g5 Rb5 34. c4 Rb3 35. Rg3 Rb1 36. Rgd3 Rd8 37. c5 Rd7 38. Kg3 Rdb7 39.
Kf3 a4 40. Rd4 R7b3+ 41. R2d3 Ra1 42. Rxb3 axb3 43. Rb4 Rxa3 44. Ke4 Nh4 45. Kd4 Nf5+ 46. Kc3 gxf6 47. gxf6 Kh7 48. Kb2 Ra2+ 49. Kxb3 Rg2 50. Rb6 Kg6 51. Kb4 Rb2+ 52. Ka5 Ra2+ 53. Kb4 Rb2+ 54.
Kc3 Re2 55. Rxc6 Re3+ 56. Kc4 Re4+ 57. Kc3 Nd4 58. Rc8 Nb5+ 59. Kd3 Rd4+ 60. Ke3 Rc4 61. Rb8 Nc3 62. Kd3 1-0

[Event "Early-Titled-Tuesday-Blitz-May-07-2024"]
[Site "Chess.com"]
[Date "2024.05.07"]
[Round "6"]
[White "RodTwinkz"]
[Black "ErikRonka"]
[Result "1/2-1/2"]
[WhiteElo "2677"]
[BlackElo "2518"]
[TimeControl "180+1"]
[EndTime "9:12:32 PDT"]
[Termination "Game drawn - insufficient material"]

1. e4 c5 2. Nc3 e6 3. f4 Nc6 4. Nf3 d6 5. g3 Nf6 6. Bg2 Be7 7. O-O O-O 8. d3 Rb8 9. h3 b5 10. g4 h6 11. Ne2 a5 12. Ng3 b4 13. g5 hxg5 14.
Nxg5 d5 15. e5 Nh7 16. h4 f6 17. exf6 Nxf6 18. Bh3 Nd4 19. c3 Nf5 20. Nxf5 exf5 21.
Qe2 Bd6 22. Qg2 Qd7 23. Nf3 Ng4 24. Re1 Qf7 25. Ne5 Bxe5 26. fxe5 Be6 27. Bg5 bxc3 28. bxc3 d4 29. c4 Qb7 30. Qxb7 Rxb7 31. Bxg4 fxg4 32. Rab1 Rfb8 33. Rxb7 Rxb7 34. Re2 Kh7 35. Kg2 Kg6 36. Kg3 Bf5 37. Rd2 Kf7 38. Kf4 Ke6 39. h5 Rf7 40.
Kg3 Kxe5 41. Bf4+ Ke6 42. Re2+ Kd7 43. Re5 Kc6 44. Rd5 Bxd3 45. Rd6+ Kb7 46. Rd5 Bxc4 47. Rxc5 Bxa2 48. Rxa5 Rd7 49. Rxa2 d3 50. Rd2 Rd5 51.
Kxg4 Kc6 52. Kf3 Kc5 53. h6 gxh6 54. Bxh6 Kc4 55. Be3 Kc3 56. Rd1 d2 57. Ke2 Kc2 58.
Bxd2 Re5+ 59. Be3 Rxe3+ 60. Kxe3 Kxd1 1/2-1/2

[Event "Early-Titled-Tuesday-Blitz-May-07-2024"]
[Site "Chess.com"]
[Date "2024.05.07"]
[Round "6"]
[White "ChEsper99"]
[Black "Kotofeyca"]
[Result "0-1"]
[WhiteElo "2281"]
[BlackElo "2503"]
[TimeControl "180+1"]
[EndTime "9:12:32 PDT"]
[Termination "Kotofeyca won by resignation"]

1. Nf3 d5 2. g3 c6 3. Bg2 Bg4 4. d4 Nd7 5. h3 Bh5 6. O-O e6 7. b3 Bd6 8. c4 f5 9. Nc3 Ngf6 10. e3 O-O 11. Bb2 Ne4 12. Ne2 Qe7 13. Nf4 Bxf3 14. Bxf3 g5 15. Nd3 f4 16. exf4 gxf4 17. Bxe4 dxe4 18. Nxf4 Bxf4 19. gxf4 Rxf4 20. Kh2 Qh4 21.
Rg1+ Kf7 22. Rg2 Rxf2 23. Qg1 Rxg2+ 24. Qxg2 Rg8 25. Rf1+ Nf6 26. Qf2 Qxf2+ 27. Rxf2 Rg6 28. Bc1 Ke7 29. Bf4 Kd7 30. Be5 Ke7 31. Rf4 Nd7 32. Rxe4 Nxe5 33. Rxe5 Kd6 34. Re2 a5 35. Rg2 Rf6 36. Kg3 b5 37. Re2 Rf1 38. h4 bxc4 39. bxc4 Rc1 40. c5+ Kd5 41. Re5+ Kxd4 42. Rxe6 Kxc5 43.
Rh6 Rc2 44. Kg4 Rxa2 45. Rxh7 Rh2 46. Ra7 Kb5 47. h5 c5 48. Kg5 c4 49. h6 c3 50. h7 c2 51. Rc7 Kb4 52. Kg6 Kb3 53.
Kg7 a4 54. h8=Q Rxh8 55. Kxh8 a3 56. Rb7+ Kc3 57. Rc7+ Kb2 58. Kg7 c1=Q 0-1

[Event "Early-Titled-Tuesday-Blitz-May-07-2024"]
[Site "Chess.com"]
[Date "2024.05.07"]
[Round "6"]
[White "djano"]
[Black "Kushch_Nikolai"]
[Result "1/2-1/2"]
[WhiteElo "2571"]
[BlackElo "2415"]
[TimeControl "180+1"]
[EndTime "9:12:35 PDT"]
[Termination "Game drawn by stalemate"]

1. e4 c5 2. Nc3 e6 3. f4 Nc6 4. Nf3 a6 5. g3 Be7 6. Bg2 d5 7. d3 Nf6 8. e5 Nd7 9. O-O O-O 10. d4 f5 11. Ne2 b5 12. c3 b4 13. Be3 a5 14. c4 Nb6 15. dxc5 Nxc4 16. Bf2 a4 17. b3 axb3 18. axb3 Na3 19. Qd2 Bd7 20. Rfc1 Ra5 21. Ne1 Qa8 22. Nd3 Rb8 23. g4 g6 24.
gxf5 gxf5 25. Kh1 Kh8 26. Nd4 Nxd4 27. Bxd4 Nb5 28. Bb2 Na3 29. Nxb4 Bxc5 30. Nxd5 Bc6 31. b4 Bxb4 32. Nxb4 Bxg2+ 33. Qxg2 Qxg2+ 34. Kxg2 Rxb4 35. Bxa3 Rxf4 36. Be7 Rxa1 37. Rxa1 Kg7 38. Bf6+ Kg6 39.
Ra6 Rg4+ 40. Kf3 Rb4 41. Rxe6 Rb3+ 42. Kg2 f4 43. Re7 Kf5 44. Rxh7 Rb2+ 45. Kh3 f3 46. Bh8 Ke6 47. Rh6+ Kf5 48. Rf6+ Ke4 49. e6 Rb8 50. Rh6 f2 51. Kg2 Ke3 52. Bd4+ Kxd4 53. Kxf2 Ke5 54. Kf3 Kd6 55. Kf4 Ke7 56. Kf5 Rf8+ 57.
Ke5 Rf2 58. Rh7+ Ke8 59. h4 Re2+ 60. Kf6 Rf2+ 61. Kg6 Rg2+ 62. Kh5 Re2 63. e7 Rxe7 64. Kg6 Rxh7 65. Kxh7 Kf7 66. h5 Kf8 67. h6 Kf7 68.
Kh8 Kf8 69. h7 Kf7 1/2-1/2

[Event "Early-Titled-Tuesday-Blitz-May-07-2024"]
[Site "Chess.com"]
[Date "2024.05.07"]
[Round "6"]
[White "Sokoloco"]
[Black "KuzubovYuriy"]
[Result "0-1"]
[WhiteElo "2801"]
[BlackElo "2963"]
[TimeControl "180+1"]
[EndTime "9:12:37 PDT"]
[Termination "KuzubovYuriy won on time"]

1. g3 d5 2. Nf3 Bg4 3. Bg2 Nd7 4. O-O c6 5. c4 Bxf3 6. exf3 dxc4 7. f4 e6 8. Re1 Ne7 9. Na3 Nb6 10. Bf1 g6 11. Nxc4 Nxc4 12. Bxc4 Bg7 13. Rb1 a5 14. a4 O-O 15. b4 Qc7 16. Qb3 axb4 17. Qxb4 Rfb8 18. Ba3 Nf5 19. Bf1 Bf8 20. Qb2 Bxa3 21. Qxa3 b5 22. Qc3 bxa4 23. Rxb8+ Rxb8 24. Ra1 Ra8 25. Bb5 Nd4 26. Bc4 Qd6 27. Kf1 a3 28.
Be2 Nxe2 29. Kxe2 a2 30. Qc2 Qd5 31. f3 h5 32. d3 Kf8 33. Ke3 c5 34. Qc3 Ke7 35.
Kd2 Qd4 36. Kc2 Qxc3+ 37. Kxc3 Ra3+ 38. Kc4 Kd6 39. d4 cxd4 40. Kxd4 h4 41. gxh4 Rxf3 42. h5 gxh5 43. Rxa2 Rxf4+ 44. Ke3 Rh4 45. Kf3 Ke7 46. Kg3 Rg4+ 47. Kh3 Rg5 48. Kh4 Kf6 49. Rf2+ Rf5 50. Re2 Kg6 51. Rg2+ Kh6 52. Rg8 Rf4+ 53. Kh3 e5 54. Re8 f6 55. Re7 Kg6 56. Re8 Kf5 57. Kg3 e4 58. Rh8 h4+ 59. Kh3 Ke5 60. Re8+ Kd4 61.
Rd8+ Ke3 62. Ra8 f5 63. Ra3+ Kd4 64. Ra4+ Ke5 65. Ra5+ Kf6 66. Ra6+ Kg5 67. Ra8 e3 68. Rg8+ Kf6 69. Rf8+ Ke7 70. Ra8 e2 71. Ra1 Rf1 72.
Ra2 e1=Q 73. Re2+ Qxe2 0-1

[Event "Early-Titled-Tuesday-Blitz-May-07-2024"]
[Site "Chess.com"]
[Date "2024.05.07"]
[Round "6"]
[White "Shivananda1964"]
[Black "JosefineHeinemann"]
[Result "1-0"]
[WhiteElo "2408"]
[BlackElo "2528"]
[TimeControl "180+1"]
[EndTime "9:12:37 PDT"]
[Termination "Shivananda1964 won by resignation"]

1. Nf3 d5 2. e3 g6 3. c4 d4 4. Nxd4 Bg7 5. Nf3 c5 6. Nc3 Nf6 7. d3 O-O 8. Be2 Nc6 9. O-O b6 10.
Rb1 Bb7 11. b3 Qd7 12. Bb2 Rad8 13. a3 e6 14. Ba1 Ba8 15. b4 cxb4 16. axb4 Qb7 17. d4 a6 18. b5 axb5 19. Rxb5 Qc7 20. Qb3 Na5 21. Qb4 Bxf3 22. gxf3 Nc6 23. Qb1 Nd7 24.
Na4 Rb8 25. Bc3 Rfc8 26. Rc1 Na7 27. Rb4 Qd8 28. Qb2 Nc6 29. Rb3 Ne7 30. Bd3 Qc7 31. Rb1 Nf5 32. Nxb6 Nxb6 33. Rxb6 Rxb6 34. Qxb6 Qe7 35.
Bxf5 gxf5 36. c5 Qg5+ 37. Kh1 Qh5 38. Qb7 Re8 39. Rg1 Kf8 40. Rg3 Bf6 41. c6 f4 42.
Bb4+ Be7 43. Bxe7+ Rxe7 44. Qc8+ Re8 45. Rg8+ Kxg8 46.
Qxe8+ Kg7 47. Kg2 Qg5+ 48. Kf1 fxe3 49. Ke2 exf2 50. Kxf2 Qd2+ 51. Kg3 Qg5+ 52. Kf2 Qd2+ 53. Kf1 Qxd4 54. Kg2 Qd2+ 55. Kh3 Qc3 56. Qd7 Qxf3+ 57. Kh4 Qf4+ 58. Kh3 Qf3+ 59. Kh4 h5 60. Qd4+ f6 61. c7 Kg6 62. c8=Q Qf2+ 63. Qxf2 1-0

[Event "Early-Titled-Tuesday-Blitz-May-07-2024"]
[Site "Chess.com"]
[Date "2024.05.07"]
[Round "6"]
[White "DACF2905"]
[Black "BirdMaster3000"]
[Result "0-1"]
[WhiteElo "2429"]
[BlackElo "2625"]
[TimeControl "180+1"]
[EndTime "9:12:37 PDT"]
[Termination "BirdMaster3000 won on time"]

1. e4 c5 2. Nf3 e6 3. c3 Nf6 4. e5 Nd5 5. Bc4 Nb6 6. Be2 d6 7. d4 cxd4 8. cxd4 Nc6 9. O-O Be7 10. Nc3 O-O 11. d5 exd5 12. Nxd5 Nxd5 13. Qxd5 dxe5 14.
Qb3 e4 15. Rd1 Qc7 16. Ng5 Qe5 17. Rd5 Qc7 18. Nxe4 Be6 19. Be3 Nb4 20. Rc1 Bxd5 21. Rxc7 Bxb3 22. axb3 Nd5 23. Rxb7 Rfb8 24. Rd7 Nxe3 25.
fxe3 Kf8 26. Bc4 Rd8 27. Rb7 a5 28. Kf2 a4 29. bxa4 Rxa4 30. b3 Raa8 31. Ng3 g6 32. Ne4 h5 33. g3 Ra5 34. h4 Rda8 35. Ng5 Rf5+ 36. Ke2 Bxg5 37. hxg5 Re8 38. Kd3 Re7 39. Rb8+ Kg7 40. b4 Rxg5 41. b5 Rxg3 42. b6 Rgxe3+ 43.
Kd2 R3e4 44. Bd3 Rb4 45. Kc3 Rf4 46. b7 Rc7+ 47. Kd2 Rb4 48. Ba6 Rb6 49. Rc8 Rbxb7 50.
Bxb7 Rxb7 51. Ke3 f5 52. Kf3 Kh6 53. Kg3 Kg5 54. Rc4 Rb3+ 55. Kg2 h4 56. Kh2 f4 57.
Kg2 Kg4 58. Rc8 g5 59. Rg8 Rb2+ 60. Kf1 Kf3 61. Kg1 g4 0-1

[Event "Early-Titled-Tuesday-Blitz-May-07-2024"]
[Site "Chess.com"]
[Date "2024.05.07"]
[Round "6"]
[White "Chesmc"]
[Black "alvarorodriguezavila"]
[Result "1-0"]
[WhiteElo "2136"]
[BlackElo "2330"]
[TimeControl "180+1"]
[EndTime "9:12:38 PDT"]
[Termination "Chesmc won on time"]

1. d4 Nf6 2. Nf3 d5 3. Bf4 Bf5 4. e3 e6 5. Bd3 Bg6 6. Ne5 Nbd7 7. O-O Bd6 8. Bg3 O-O 9. Nd2 Qe7 10. f4 Bh5 11.
Be2 Bxe2 12. Qxe2 Ne4 13. Nxe4 dxe4 14. c4 f5 15. Nxd7 Qxd7 16. Rfd1 Rfd8 17. Bh4 Be7 18. Qf2 Bxh4 19. Qxh4 Qf7 20. Rac1 Rd7 21. b4 Rad8 22. a3 Rd6 23. c5 Rd5 24. Qg5 Qe8 25. Rc3 Qb5 26. Qh5 Qe8 27. Qxe8+ Rxe8 28. Kf2 Kf7 29. Ke2 Ke7 30. g3 Kd7 31. Kf2 Kc6 32. a4 a6 33.
Rb1 Ra8 34. Ke2 Kd7 35. Kf2 h6 36. Kg2 Ke7 37. Kf2 g5 38. Rg1 Rg8 39. Ra1 gxf4 40. gxf4 Rg4 41. Rcc1 Rh4 42. Kg3 Rh5 43. h4 Rd8 44. Kh3 e5 45. fxe5 Ke6 46. Rg1 f4 47.
Kg4 Rf5 48. exf4 Rxd4 49. Raf1 Rxb4 50. Kh3 Rxa4 51. Rg6+ Ke7 52. Rg7+ Ke8 53. Rg6 e3 54. Rxh6 Raxf4 55. Re1 Rf3+ 56. Kg4 R3f4+ 57. Kg3 Re4 58. Rh8+ Ke7 59. h5 Rfxe5 60. Rh7+ Ke6 61. h6 e2 62. Rh8 Rh5 63. Kf3 Ree5 64. Rxe2 Rh3+ 65. Kg4 Rxe2 66.
Kxh3 Re1 67. Re8+ Kd5 68. Rxe1 1-0

[Event "Early-Titled-Tuesday-Blitz-May-07-2024"]
[Site "Chess.com"]
[Date "2024.05.07"]
[Round "6"]
[White "viditchess"]
[Black "FXDon77"]
[Result "1/2-1/2"]
[WhiteElo "3121"]
[BlackElo "2882"]
[TimeControl "180+1"]
[EndTime "9:12:40 PDT"]
[Termination "Game drawn by stalemate"]

1. e4 e5 2. Nf3 Nf6 3. Nxe5 d6 4. Nc4 Nxe4 5. Qe2 Qe7 6. Nc3 Nxc3 7. bxc3 Qxe2+ 8. Bxe2 Be7 9. Ne3 Nc6 10. Rb1 O-O 11. d4 Bd8 12. Bf3 Ne7 13. O-O Rb8 14. Re1 b6 15. h4 Nf5 16. h5 Nxe3 17. fxe3 Bg5 18. Kf2 Bb7 19. a4 a5 20. Bxb7 Rxb7 21. Kf3 Rbb8 22.
c4 Rfe8 23. Rb5 h6 24. g4 Kf8 25. Rf5 Re6 26. Ba3 Ke8 27. e4 f6 28. Rb5 Kd7 29. c5 dxc5 30. dxc5 Rbe8 31. cxb6 cxb6 32. c4 Rc6 33. Rd1+ Ke6 34. Rdb1 Rxc4 35. Rxb6+ Kf7 36. Rb7+ Kg8 37. Rb8 Rxe4 38. Bc5 Kh7 39. Rxe8 Rxe8 40. Rb5 Bd2 41. Bb6 Re5 42. Rxe5 fxe5 43. Ke4 g6 44.
Kxe5 gxh5 45. gxh5 Kg7 46. Ke6 Bc3 47. Be3 Bb4 48.
Bd4+ Kg8 49. Kf6 Bd2 50. Kg6 Bb4 51. Kxh6 Bd2+ 52. Kg6 Kf8 53. Bf6 Bc1 54. Bd8 Bd2 55. Bc7 Kg8 56. Bd6 Bc1 57. Be7 Bd2 58. Bf6 Bc1 59. Bg5 Bxg5 60. Kxg5 Kg7 61. Kf5 Kh6 62. Ke5 Kxh5 63. Kd5 Kg6 64. Kc5 Kf7 65. Kb5 Ke8 66. Kxa5 Kd8 67. Kb6 Kc8 68. Ka7 Kc7 69. a5 Kc8 70. Kb6 Kb8 71. a6 Ka8 72. a7 1/2-1/2

[Event "Early-Titled-Tuesday-Blitz-May-07-2024"]
[Site "Chess.com"]
[Date "2024.05.07"]
[Round "6"]
[White "Mops_2004"]
[Black "Antosha_Chekhonte"]
[Result "1/2-1/2"]
[WhiteElo "2800"]
[BlackElo "2575"]
[TimeControl "180+1"]
[EndTime "9:12:44 PDT"]
[Termination "Game drawn - insufficient material"]

1. e4 c6 2. d4 d5 3. e5 c5 4. Nf3 cxd4 5. Qxd4 Nc6 6. Qf4 e6 7. Nc3 Nb4 8. Bd3 Nxd3+ 9. cxd3 Ne7 10. h4 h5 11. Ne2 Ng6 12. Qg3 Qb6 13. O-O Bd7 14.
a4 Qb4 15. Bd2 Qg4 16. Qh2 Be7 17. Bg5 Bxg5 18. hxg5 h4 19. Qh3 Qxh3 20. gxh3 Ke7 21. Kh2 Rac8 22. Nc3 Nf4 23. d4 Nd3 24. Rfb1 Nxf2 25.
Kg2 Ne4 26. Rc1 Rc4 27. Nxe4 Rxc1 28. Rxc1 dxe4 29. Nd2 Rh5 30. g6 Rg5+ 31. Kf2 Rxg6 32.
Rc7 Rg3 33. Nxe4 Kd8 34. Rxb7 Bc6 35. Rxf7 Bxe4 36. Rxa7 Rxh3 37. b4 Rh2+ 38. Ke3 Bd5 39. Rxg7 h3 40. Rh7 Rg2 41. Rxh3 Ra2 42. Rh8+ Kc7 43.
Rh7+ Kb6 44. a5+ Ka6 45. Rh8 Ra4 46. Rb8 Ka7 47. Rb6 Ra3+ 48. Ke2 Rc3 49. b5 Ra3 50. Ra6+ Kb7 51. Rb6+ Kc7 52. Ra6 Bb7 53. Rxe6 Rxa5 54.
b6+ Kd7 55. Rd6+ Ke7 56. Rh6 Bd5 57. Ke3 Ra3+ 58. Kf4 Rf3+ 59. Kg4 Rd3 60. b7 Rxd4+ 61. Kg5 Rb4 62. Rh7+ Ke6 63. Rc7 Kxe5 64. Re7+ Kd4 65. Rd7 Rxb7 66. Rxb7 Bxb7 1/2-1/2

[Event "Early-Titled-Tuesday-Blitz-May-07-2024"]
[Site "Chess.com"]
[Date "2024.05.07"]
[Round "6"]
[White "RojonR"]
[Black "GothamChess"]
[Result "0-1"]
[WhiteElo "2542"]
[BlackElo "2725"]
[TimeControl "180+1"]
[EndTime "9:12:44 PDT"]
[Termination "GothamChess won by resignation"]

1. e4 d5 2. exd5 Qxd5 3. Nc3 Qa5 4. d4 Nf6 5. Bc4 Bg4 6. f3 Bd7 7. Ne2 b5 8. Bb3 e6 9. O-O c5 10. a4 c4 11. Ba2 b4 12. Ne4 Qc7 13. Bf4 Qc6 14. Nxf6+ gxf6 15. c3 b3 16. Bb1 f5 17.
d5 Bc5+ 18. Kh1 Qxd5 19. Qxd5 exd5 20. Ng3 Nc6 21. Bxf5 Be6 22. Rfe1 Kd7 23. Rad1 Ne7 24. Ne4 Nxf5 25. Nxc5+ Ke7 26. Rxd5 Ng7 27. Bg5+ f6 28. Bh4 Rae8 29. Nxe6 Nxe6 30. Rf5 Rhf8 31. g4 h6 32. Kg2 Kd7 33. Rd1+ Kc6 34. Bxf6 Rf7 35.
Be5 Rd7 36. Rxd7 Kxd7 37. f4 Nc5 38. Rf7+ Kc6 39. Rxa7 Nd3 40. Ra6+ Kd5 41. Rd6+ Ke4 42. Rd4+ Ke3 43. Rxc4 Kd2 44. Rd4 Kc2 45. c4 Nxb2 46.
Re4 Nd3 47. Re2+ Kd1 48. Re3 Kd2 49. Kf3 Nc1 50. Re4 Nd3 51. Re3 Kc2 52. Re2+ Kc1 53.
f5 Nxe5+ 54. Kf4 Nd3+ 55. Kf3 Rxe2 56. Kxe2 b2 57. Kxd3 b1=Q+ 58. Kd4 Qa1+ 59. Kd5 Qxa4 60. f6 Qd7+ 61. Ke5 Qxg4 62. f7 Qg7+ 63. Ke6 Qf8 64. Kf6 Kc2 65. c5 Kc3 66. c6 Kc4 67. c7 Kd5 68. c8=Q Qxc8 69. Kg7 Qg4+ 70. Kxh6 Qf4+ 71.
Kg7 Qg5+ 72. Kh7 Qf6 73. Kg8 Qg6+ 74. Kh8 Qxf7 0-1

[Event "Early-Titled-Tuesday-Blitz-May-07-2024"]
[Site "Chess.com"]
[Date "2024.05.07"]
[Round "6"]
[White "mind1mover"]
[Black "ravengelic"]
[Result "0-1"]
[WhiteElo "2894"]
[BlackElo "2661"]
[TimeControl "180+1"]
[EndTime "9:12:46 PDT"]
[Termination "ravengelic won on time"]

1. e4 c5 2. Nf3 g6 3. d4 cxd4 4.
Qxd4 Nf6 5. Bb5 Nc6 6. Bxc6 bxc6 7. e5 Ng8 8. Qh4 Qb6 9. O-O Bg7 10. Nc3 c5 11. Nd5 Qc6 12. c4 Bb7 13. Bg5 h6 14. Bd2 g5 15. Qg4 e6 16. Rad1 exd5 17. cxd5 Qxd5 18.
e6 dxe6 19. Bc3 Bd4 20. Nxd4 cxd4 21. Rxd4 Nf6 22. Qg3 Qc6 23. f3 Rg8 24. Kh1 Nd5 25.
Qe5 O-O-O 26. Rc1 Kd7 27. Bd2 Qd6 28. Qe2 Rc8 29. Qb5+ Bc6 30. Qa5 Rc7 31. Be1 f5 32.
Bf2 Rgc8 33. Re1 Ba8 34. Qa4+ Ke7 35. Rdd1 Kf7 36. Qd4 Qf4 37. Qd3 Rc1 38. Bg3 Rxd1 39. Qxd1 Qc4 40. Qd2 f4 41. Bf2 Qc2 42. Qd4 Rc7 43. Bg1 Bb7 44. Qe5 Qc6 45. b4 Rd7 46. Qe4 Ne7 47. Qe5 Nf5 48. Qb8 Qc8 49. Qxa7 Bxf3 50.
Qf2 Bd5 51. Qe2 Qb7 52. Qh5+ Kg7 53. Qh3 Nh4 54. Bd4+ Kh7 55. Qd3+ Kg8 56. Kg1 Bxg2 57. Kf2 Qf3+ 58. Qxf3 Bxf3 59. Bc5 Bd5 60. b5 Nf5 61. a4 g4 62. Rg1 g3+ 63. hxg3 fxg3+ 64. Ke2 Kf7 65.
a5 Bc4+ 66. Kf3 Bxb5 67. a6 Rd3+ 68. Kf4 Bxa6 0-1

[Event "Early-Titled-Tuesday-Blitz-May-07-2024"]
[Site "Chess.com"]
[Date "2024.05.07"]
[Round "6"]
[White "dianamirza"]
[Black "N_I_Chess"]
[Result "0-1"]
[WhiteElo "1930"]
[BlackElo "2339"]
[TimeControl "180+1"]
[EndTime "9:12:47 PDT"]
[Termination "N_I_Chess won on time"]

1. e4 Nf6 2. e5 Nd5 3. c4 Nb6 4.
d4 d6 5. exd6 cxd6 6. Nc3 g6 7.
Nf3 Bg7 8. Be3 O-O 9. Be2 Bg4 10. O-O Nc6 11. d5 Bxf3 12. Bxf3 Ne5 13. Bxb6 Nxf3+ 14. Qxf3 Qxb6 15. Rab1 Rac8 16. b3 a6 17. Ne4 Qa5 18.
Qe2 b5 19. f4 bxc4 20. bxc4 Rb8 21. f5 Rxb1 22. Rxb1 gxf5 23. Ng3 Qc5+ 24. Kh1 Bf6 25. Nxf5 Kh8 26. Nxe7 Qa7 27. Nc6 Qd7 28. Qf2 Bg7 29.
Re1 Qg4 30. Qe2 Qxe2 31. Rxe2 Bf6 32. Rf2 Kg7 33. h3 Re8 34. Nb4 Re1+ 35. Kh2 Be5+ 36.
g3 Re3 37. Rg2 h5 38. Nxa6 h4 39. Nc7 hxg3+ 40. Kh1 Re1+ 41. Rg1 Re2 42. Rg2 Re4 43. Ne8+ Kg6 44. Rc2 Re1+ 45. Kg2 Kf5 46. Nc7 Ke4 47. c5 f5 48. cxd6 Bxd6 49. Ne8 Be7 50. d6 Bd8 51. d7 f4 52. Rc4+ Kd3 53. Rxf4 Re7 54. Rf3+ Ke4 55.
Rxg3 Rxd7 56. Rg8 Rd2+ 57. Kg3 Rxa2 58. Ng7 Bc7+ 59. Kg4 Rg2+ 60. Kh5 Be5 61. Kh6 Rh2 62. Nh5 Rxh3 63. Rg4+ Kf5 64. Rg5+ Ke6 65. Kg6 Rb3 66.
Ng7+ Kd5 0-1